 Dungeon Crawl Stone Soup version 0.21-a0-42-gb537e02 (webtiles) character file.

249 Borgoz the Sneak (level 5, 0/41 HPs)
             Began as a Demonspawn Assassin on June 5, 2017.
             Slain by a centaur skeleton (3 damage)
             ... on level 4 of the Dungeon.
             The game lasted 00:07:40 (4944 turns).

Borgoz the Sneak (Demonspawn Assassin)              Turns: 4944, Time: 00:07:42

Health: 0/41       AC:  3    Str: 11    XL:     5   Next: 87%
Magic:  5/5        EV: 13    Int: 17    God:
Gold:   166        SH:  0    Dex: 16    Spells: 4/4 levels left

rFire    . . .     SeeInvis .   a - +2 dagger
rCold    . . .     Gourm    .   (no shield)
rNeg     . . .     Faith    .   c - +0 robe
rPois    .         Spirit   .   (no helmet)
rElec    .         Reflect  .   d - +0 cloak
rCorr    .         Harm     .   (no gloves)
MR       .....                  (no boots)
Stlth    +++.......             (no amulet)
Regen    0.2/turn               (no ring)
MPRegen  0.1/turn               (no ring)

@: brilliant
A: hooves 2
a: no special abilities


You were on level 4 of the Dungeon.
You were near starving.

You visited 1 branch of the dungeon, and saw 4 of its levels.

You collected 166 gold pieces.

Inventory:

Hand Weapons
 a - a +2 dagger (weapon)
 b - a +0 blowgun
 y - a +0 short sword of holy wrath
Missiles
 e - 67 poisoned needles
 f - 2 curare-tipped needles
 s - 2 needles of sleeping
Armour
 c - a +0 robe (worn)
 d - a +0 cloak (worn)
Scrolls
 k - a scroll of enchant armour {unknown}
 l - a scroll of noise {unknown}
 m - a scroll of amnesia {unknown}
 o - 2 scrolls of recharging {unknown}
 p - 4 scrolls of identify {unknown}
 q - a scroll of blinking {unknown}
 r - a scroll of remove curse {unknown}
 u - a scroll of fear {unknown}
 w - a scroll of fog {unknown}
 x - a scroll of enchant weapon {unknown}
Potions
 h - a potion of ambrosia {unknown}
 i - a potion of lignification {unknown}
 j - a potion of might {unknown}
 n - a potion of haste {unknown}
 t - a potion of brilliance
 v - a potion of curing {unknown}
 z - a potion of heal wounds {unknown}
 B - a potion of invisibility {unknown}
Comestibles
 g - 2 bread rations
 A - 3 fruits


   Skills:
 + Level 3.4 Fighting
 + Level 3.2 Short Blades
 - Level 1.7 Throwing
 + Level 2.5 Dodging
 + Level 4.7 Stealth


You had 4 spell levels left.
You didn't know any spells.

Dungeon Overview and Level Annotations

Branches:
Dungeon (4/15)
 Temple: D:4-7

Altars:
Gozag
Okawaru

Annotations:
D:4 Menkaure


Innate Abilities, Weirdness & Mutations

You have hoof-like feet.


Message History

Your body is wracked with pain!
* * * LOW HITPOINT WARNING * * *
The centaur skeleton misses you.
You see here a trident.
The centaur skeleton barely misses you.
Menkaure calls on the powers of darkness!
Your body is wracked with pain!
* * * LOW HITPOINT WARNING * * *
The centaur skeleton hits you but does no damage.
The centaur skeleton closely misses you.
The centaur skeleton misses you. The centaur skeleton misses you.
The centaur skeleton closely misses you.
The centaur skeleton barely misses you. The centaur skeleton hits you!
* * * LOW HITPOINT WARNING * * *
It was a potion of brilliance.
You feel clever all of a sudden. The centaur skeleton hits you.
You die...

#############
#..@Z.......#
#.#########.#
#.# #.# #.#
#.# #.# #.#
#.# #.# #.#
#.# #.# #.#
#.# #.#


You could see a centaur skeleton.

Vanquished Creatures
  2 orc priests
  4 gnolls (D:3)
  5 adders
  An ooze (D:2)
  A worm (D:2)
  3 dart slugs (D:2)
  8 orcs
  A ball python (D:1)
  A giant cockroach (D:1)
  6 goblins
  11 hobgoblins
  14 jackals
  13 kobolds
  2 quokkas
  6 bats
  A frilled lizard (D:1)
  6 rats
85 creatures vanquished.

Notes
Turn   | Place    | Note
-------+----------+-------------------------------------------
     0 | D:1      | Borgoz the Demonspawn Assassin began the quest for the Orb.
     0 | D:1      | Reached XP level 1. HP: 16/16 MP: 1/1
    24 | D:1      | Reached skill level 1 in Dodging
   419 | D:1      | Gained mutation: You have large cloven feet. [demonic ancestry]
   419 | D:1      | Reached XP level 2. HP: 22/22 MP: 2/2
  1321 | D:2      | Reached XP level 3. HP: 28/28 MP: 3/3
  1427 | D:2      | Reached skill level 4 in Stealth
  1434 | D:2      | Found an opulent altar of Gozag.
  1830 | D:2      | Gained mutation: You have hoof-like feet. [demonic ancestry]
  1830 | D:2      | Reached XP level 4. HP: 25/34 MP: 4/4
  2886 | D:3      | Found an iron altar of Okawaru.
  3009 | D:3      | Reached XP level 5. HP: 38/41 MP: 5/5
  4895 | D:4      | Noticed Menkaure
  4944 | D:4      | Slain by a centaur skeleton

Vault maps used:
D:1:      dpeg_arrival_arbitrary_b, minmay_strange_pillars
D:2:      minmay_kobold_bridge, grunt_gozag_breadcrumbs
D:3:      okawaru_gym_becter, first_bread, grunt_ministairs_2
D:4:      kennysheep_little_box, old_standard_altar, uniq_menkaure, uniq_robin

Skill      XL: |  1  2  3  4  5 |
---------------+----------------+-----
Dodging        | 1 2 |  2.5
Short Blades   | 2 3 |  3.2
Stealth        | 4 |  4.7
Fighting       | 3 |  3.4
Throwing       | |  1.7

Action                   |  1- 3 |  4- 6 || total
-------------------------+-------+-------++-------
Melee: Dagger            |   116 |   200 ||   316
       Kick              |    20 |    57 ||    77
 Fire: Blowgun           |       |     7 ||     7
  Use: Potion            |       |     1 ||     1
 Stab: Sleeping          |     6 |     4 ||    10
       Distracted        |       |     1 ||     1
  Eat: Chunk             |     3 |     8 ||    11
Armor: Robe              |    18 |    24 ||    42
Dodge: Dodged            |    47 |   124 ||   171
